 Dungeon Crawl Stone Soup version 0.19-a0-49-gb8736b8 (webtiles) character file.

279 M4edhros the Insei (level 6, -1/36 HPs)
             Began as an Octopode Necromancer on May 6, 2016.
             Slain by an orc (5 damage)
             ... on level 4 of the Dungeon.
             The game lasted 00:03:42 (573 turns).

M4edhros the Insei (Octopode Necromancer)            Turns: 573, Time: 00:03:43

Health: -1/36      AC:  1    Str:  6 (8)  XL:     6   Next: 26%
Magic:  5/9        EV: 12    Int: 14 (17) God:
Gold:   46         SH:  0    Dex: 11 (14) Spells: 3 memorised, 4 levels left

rFire  . . .     SeeInvis .       - Unarmed
rCold  . . .     Gourm    .     (no shield)
rNeg   . . .     Faith    .     (helmet restricted)
rPois  .         Spirit   .     (no amulet)
rElec  .         Dismiss  .     (no ring)
rCorr  .         Reflect  .     (no ring)
SustAt .         Harm     .     (no ring)
MR     .....                    (no ring)
Stlth  +++.......               (no ring)
                                (no ring)
                                (no ring)
                                (no ring)

@: very slightly contaminated, not resistant to hostile enchantments, fairly
stealthy
A: almost no armour, amphibious, 8 rings, constrict 8, camouflage 1, gelatinous
body 1
a: no special abilities


You were on level 4 of the Dungeon.
You were hungry.

You visited 1 branch of the dungeon, and saw 5 of its levels.

You collected 46 gold pieces.

Inventory:

Scrolls
 c - 3 scrolls of identify {unknown}
 d - a scroll of fear {unknown}
 e - a scroll of remove curse {unknown}
 g - a scroll of teleportation {unknown}
Books
 a - a book of Necromancy

   Spells                             Type                      Level
   a - Pain                           Necromancy                   1
   b - Animate Skeleton               Necromancy                   1
   c - Vampiric Draining              Necromancy                   3
   d - Regeneration                   Charms/Necromancy            3
   e - Animate Dead                   Necromancy                   4
   f - Control Undead                 Necromancy                   4
Comestibles
 b - 2 bread rations
 f - 3 chunks of flesh


   Skills:
 - Level 2.0 Dodging
 - Level 2.6 Stealth
 + Level 6.0 Unarmed Combat
 - Level 2.0 Spellcasting
 - Level 4.0 Necromancy


You had 4 spell levels left.
You knew the following spells:

 Your Spells              Type           Power        Failure   Level  Hunger
a - Pain                  Necr           ##..         4%          1    ##.....
b - Animate Skeleton      Necr           N/A          4%          1    ##.....
r - Regeneration          Chrm/Necr      #.........   30%         3    ####...


Dungeon Overview and Level Annotations

Branches:
Dungeon (5/15)
 Temple: D:4-7

Altars:


Innate Abilities, Weirdness & Mutations

You cannot wear most types of armour.
You are amphibious.
You can wear up to eight rings at the same time.
You can use your tentacles to constrict eight enemies at once.
Your skin changes colour to match your surroundings (Stealth).
Your rubbery body absorbs attacks (AC +1).


Message History

There is a stone staircase leading down here.
You barely miss the orc wizard. You grab the orc wizard.
You constrict the orc wizard, but do no damage.
The orc wizard casts a spell at you. The magic dart hits you!
The orc misses you.
Casting: Pain
Confirm with . or Enter, or press ? or * to list all spells.
You miscast Regeneration.
You are very lightly contaminated with residual magic.
You smell decay.
You constrict the orc wizard. The orc wizard hits you with a dagger.
The orc hits you.
* * * LOW HITPOINT WARNING * * *
Drink which item? (? for menu, Esc to quit)
It was a potion of degeneration.
There was something very wrong with that liquid.
You feel weakened.
You feel dopey.
You feel clumsy.
You constrict the orc wizard. The orc wizard hits you with a dagger.
* * * LOW HITPOINT WARNING * * *
The orc hits you.
You die...

#.##.####.###
###...........#
..#..#......#.#
..(..#.###..#.####
...#................
## #..#..##.........
#.....##.##.####.
#.#.o.......#
#.#.@.#####.# ##o.#
# #.... ..#### ####


You could see an orc wizard and an orc.

Vanquished Creatures
  An ogre (D:4)
  The ghost of M4edhros the Grave Robber, an amateur OpNe (D:4)
  Blork the orc (D:4)
  A worker ant (D:4)
  An adder (D:2)
  A dart slug (D:2)
  2 orcs
  5 giant cockroaches
  2 goblins
  3 hobgoblins (D:2)
  A kobold (D:2)
  4 bats (D:2)
  A giant newt (D:3)
  4 rats (D:1)
28 creatures vanquished.

Notes
Turn   | Place    | Note
--------------------------------------------------------------
     0 | D:1      | M4edhros the Octopode Necromancer began the quest for the Orb.
     0 | D:1      | Reached XP level 1. HP: 11/11 MP: 3/3
    38 | D:1      | Reached skill level 1 in Unarmed Combat
    80 | D:1      | Reached XP level 2. HP: 6/17 MP: 5/5
   187 | D:2      | Reached skill level 2 in Unarmed Combat
   238 | D:2      | Reached XP level 3. HP: 3/21 MP: 2/6
   241 | D:2      | Learned a level 1 spell: Animate Skeleton
   245 | D:2      | Learned a level 3 spell: Regeneration
   440 | D:4      | Noticed an ogre
   448 | D:4      | Reached skill level 3 in Unarmed Combat
   448 | D:4      | Reached XP level 4. HP: 27/27 MP: 2/7
   450 | D:4      | Noticed M4edhros's ghost (amateur OpNe)
   454 | D:4      | Killed an ogre
   454 | D:4      | Reached skill level 4 in Unarmed Combat
   454 | D:4      | Reached XP level 5. HP: 31/31 MP: 2/8
   462 | D:4      | Killed M4edhros's ghost
   462 | D:4      | Reached skill level 5 in Unarmed Combat
   464 | D:4      | lucky ligni, got lvl 5 nearly 6
   485 | D:4      | Noticed Blork the orc
   497 | D:4      | Killed Blork the orc
   497 | D:4      | Reached XP level 6. HP: 35/36 MP: 1/9
   531 | D:4      | Reached skill level 6 in Unarmed Combat
   564 | D:5      | Entered Level 5 of the Dungeon
   573 | D:4      | Slain by an orc

Vault maps used:
D:1:      onia_arrival_larder, minmay_stone_trees_small, minivault_24
D:2:      nicolae_overflow_hidden_temple, serial_glass, glass_columns_a,
          glass_columns_b, glass_columns_a, glass_columns_c
D:3:      marbit_many_paths
D:4:      kennysheep_six_static_rooms, uniq_sigmund, uniq_blork_the_orc
D:5:      old_standard_altar, grunt_temple_overflow_open, temple_pool_b,
          first_bread, portal_sewer_entry_c, serial_shops, shop_coins,
          uniq_crazy_yiuf_cottage, uniq_edmund

Skill      XL: |  1  2  3  4  5  6 |
---------------+-------------------+-----
Unarmed Combat | 1 2 3 4 5 6 |  6.0
Dodging        | |  2.0
Stealth        | |  2.6
Spellcasting   | |  2.0
Necromancy     | |  4.0

Action                   |  1- 3 |  4- 6 || total
-------------------------+-------+-------++-------
Melee: Unarmed           |    36 |    22 ||    58
       Constrict         |     9 |     4 ||    13
       Tentacles         |     6 |     3 ||     9
 Cast: Pain              |    18 |     1 ||    19
       Regeneration      |     2 |     2 ||     4
  Use: Potion            |     2 |     1 ||     3
 Stab: Sleeping          |     3 |       ||     3
Armor: Skin              |     4 |     3 ||     7
Dodge: Dodged            |    17 |     4 ||    21
